 Dungeon Crawl Stone Soup version 0.28.0-53-g5a82cb258f (webtiles) character file.

Game seed: 12299561268450545316

68 Ashen the Chiller (level 4, -10/32 HPs)
             Began as a Demonspawn Ice Elementalist on July 13, 2022.
             Mangled by Sigmund
             ... wielding a +0 scythe
              (13 damage)
             ... on level 2 of the Dungeon.
             The game lasted 00:02:27 (1992 turns).

Ashen the Chiller (Demonspawn Ice Elementalist)     Turns: 1992, Time: 00:02:27

Health: -10/32     AC:  2    Str:  8    XL:     4   Next: 1%
Magic:  4/7        EV: 12    Int: 18    God:
Gold:   179        SH:  0    Dex: 14    Spells: 4/8 levels left

rFire   . . .      SeeInvis +   c - +0 flail
rCold   . . .      Faith    .   (no shield)
rNeg    . . .      Spirit   .   a - +0 robe
rPois   .          Reflect  .   (no helmet)
rElec   .          Harm     .   (no cloak)
rCorr   .          Rampage  .   (no gloves)
Will    .....                   (no boots)
Stlth   ++........              (no amulet)
HPRegen 0.10/turn               d - ring of see invisible
MPRegen 0.10/turn               (no ring)

@: freezing walls
A: demonic guardian 1, sturdy frame 2
a: no special abilities


You were on level 2 of the Dungeon.
You visited 1 branch of the dungeon, and saw 2 of its levels.

You collected 179 gold pieces.

Inventory:

Hand Weapons
 c - a +0 flail (weapon)
Armour
 a - a +0 robe (worn)
Jewellery
 d - a ring of see invisible (left hand)
Scrolls
 b - 2 scrolls of enchant armour {unknown}
 h - a scroll of silence {unknown}
 j - a scroll of identify {unknown}
 k - a scroll of fog {unknown}
 l - a scroll of brand weapon {unknown}
 m - a scroll of immolation {unknown}
Potions
 e - a potion of cancellation {unknown}
 f - a potion of curing {unknown}
 g - 2 potions of heal wounds {unknown}
 i - 3 potions of flight {unknown}


   Skills:
 + Level 1.3 Fighting
 + Level 2.3 Dodging
 + Level 2.3 Stealth
 + Level 2.5 Spellcasting
 + Level 3.9 Ice Magic


You had 4 spell levels left.
You knew the following spells:

 Your Spells              Type           Power      Damage    Failure   Level
a - Freeze                Ice            64%        1d8       3%          1
b - Frozen Ramparts       Ice            32%        1d5       10%         3

Your spell library contained the following spells:

 Spells                   Type           Power      Damage    Failure   Level
 Ozocubu's Armour         Ice            16%        N/A       10%         3
 Hailstorm                Conj/Ice       9%         3d4       58%         4


Dungeon Overview and Level Annotations

Branches:
Dungeon (2/15)

Altars:

Annotations:
D:2 Sigmund


Innate Abilities, Weirdness & Mutations

A weak demonic guardian rushes to your aid.
Your movements are less encumbered by armour. (ER -4)


Message History

A hobgoblin is nearby!
A hobgoblin is nearby!
Sigmund the Dreaded comes into view.
He is wielding a +0 scythe.
The hobgoblin shouts!
Sigmund barely misses you. The hobgoblin barely misses you.
You hit the hobgoblin but do no damage. The hobgoblin hits you.
Sigmund closely misses you.
Casting: Freeze (safe; 3% risk of failure)
Confirm with . or Enter, or press ? or * to list all spells.
The spell is quite dangerous to miscast (10% risk of failure)!
Continue anyway?
Casting: Frozen Ramparts (quite dangerous; 10% risk of failure)
Press: ? - help, Dir - look around, f - activate The walls around you are covered in ice.
The wall freezes the hobgoblin.
The hobgoblin misses you.
You closely miss the hobgoblin.
The hobgoblin is severely wounded.
The wall freezes Sigmund.
Sigmund looks at you with fury.
Sigmund hits you from afar with a +0 scythe!
The wall freezes the hobgoblin.
You kill the hobgoblin!
You have reached level 4!
You feel agile.
Your demonic ancestry asserts itself...
You feel the presence of a demonic guardian.
The wall freezes Sigmund.
Sigmund misses you.
The wall freezes Sigmund.
Sigmund closely misses you.
The wall freezes Sigmund.
Sigmund closely misses you.
The wall freezes Sigmund.
Sigmund casts a spell at you. The magic dart hits you.
* * * LOW HITPOINT WARNING * * *
The wall freezes Sigmund.
Sigmund gestures at you while chanting. The puff of flame hits you.
* * * LOW HITPOINT WARNING * * *
A demonic guardian appears!
Your quasit barely misses Sigmund.
Your quasit misses Sigmund.
Your quasit closely misses Sigmund.
The wall freezes Sigmund.
Sigmund hits you from afar with a +0 scythe!
You die...

#........##.##...........#
#....##..##.##...........#
###.#....##.##...........###
#.... #.................
.#### #..#.............. .
#..#..............
#.#@5......##.#.#...
#.#.##.....##.......
#..@...##...........
###.##.##.###.......
#..#.##.#........#
##............##.#
#..........#.##.#
#..........#.# .'
#..###.#....># ## #..#
#.#...### #... ..#...#


You could see Sigmund (ally target) and a friendly quasit (summoned).

Vanquished Creatures
  A gnoll (D:1)
  2 adders (D:2)
  2 ball pythons (D:1)
  3 bats
  3 endoplasms
  A giant cockroach (D:1)
  4 goblins
  6 hobgoblins
  5 kobolds (D:1)
  4 quokkas
  A frilled lizard (D:1)
  4 rats (D:1)
36 creatures vanquished.

Vanquished Creatures (others)
  4 toadstools (D:1)
4 creatures vanquished.

Grand Total: 40 creatures vanquished

Notes
Turn   | Place    | Note
-------+----------+-------------------------------------------
     0 | D:1      | Ashen the Demonspawn Ice Elementalist began the quest for
                  | the Orb.
     0 | D:1      | Reached XP level 1. HP: 13/13 MP: 3/3
    20 | D:1      | Gained mutation: Your movements are slightly less
                  | encumbered by armour. (ER -2) [demonic ancestry]
    20 | D:1      | Reached XP level 2. HP: 5/20 MP: 0/5
   683 | D:1      | Gained mutation: Your movements are less encumbered by
                  | armour. (ER -4) [demonic ancestry]
   683 | D:1      | Reached XP level 3. HP: 25/25 MP: 4/6
   731 | D:1      | Reached skill level 1 in Fighting
   738 | D:1      | Learned a level 3 spell: Frozen Ramparts
   937 | D:1      | Found a faded altar of an unknown god.
  1981 | D:2      | Noticed Sigmund
  1986 | D:2      | Gained mutation: A weak demonic guardian rushes to your
                  | aid. [demonic ancestry]
  1986 | D:2      | Reached XP level 4. HP: 13/32 MP: 3/7
  1992 | D:2      | Mangled by Sigmund

Illustrated notes

Levels and vault maps discovered:
D:1:      dpeg_arrival_rooms_b, layout_loops_ring,
          shapermc_ecumenical_altar_ellora, minmay_misc_feat_nine_boxes,
          minmay_gold_behind_fungi, grunt_decor_one_mirror,
          hangedman_decor_push, hangedman_decor_diamond_cutter,
          minmay_misc_feat_encased
D:2:      cheibrodos_old_hovel, layout_basic, hangedman_decor_points,
          chequers_arboretum, uniq_sigmund

Skill      XL: |  1  2  3 |
---------------+----------+-----
Stealth        | 2 |  2.3
Dodging        | 2 |  2.3
Fighting       | 1 |  1.3
Spellcasting   | |  2.5
Ice Magic      | |  3.9

Action                   |  1- 3 |  4- 6 || total
-------------------------+-------+-------++-------
Melee: Unarmed           |     1 |       ||     1
       Flail             |    41 |       ||    41
 Cast: Freeze            |    33 |       ||    33
       Frozen Ramparts   |     1 |       ||     1
 Stab: Sleeping          |     3 |       ||     3
Armor: Robe              |    14 |       ||    14
Dodge: Dodged            |    56 |     3 ||    59
